Map: Lerilak Crest

Players

NorthWind - Winner!

  • Race: Zerg Zerg
  • League: Bronze

OppOOOppO

  • Race: Zerg Zerg
  • League: Bronze

VOD

Have the link to the VOD?

Description

Time

  • Played on: Nov. 21, 2015, 11:19 a.m.
  • Length: 7:16
Show
View Real Time Build Order
Export as new Build Order

NorthWind Zerg - Winner!

Build Orders: Pool First, Zergling Baneling 

Get SALT Encoding   

  12  0:01  Drone  
  13  0:17  Overlord  
  13  0:23  Drone  
  14  0:40  Drone x2  
  14  0:42  Drone  
  17  0:45  Extractor  
  17  0:49  Spawning Pool  
  15  0:52  Drone  
  16  1:14  Drone  
  16  1:15  Drone  
  18  1:25  Hatchery  
  17  1:32  Overlord  
  17  1:47  Zergling x4  
  17  1:52  Queen  
  21  2:04  Metabolic Boost  
  21  2:07  Zergling x4  
  23  2:22  Baneling Nest  
  22  2:24  Drone  
  23  2:38  Drone x2  
  23  2:41  Queen  
  27  2:44  Drone  
  27  2:48  Overlord  
  28  2:57  Drone  
  29  3:03  Zergling x6  
  32  3:11  Drone  
  32  3:12  Drone x2  
  35  3:34  Overlord x2  
  35  3:42  Zergling x6  
  35  3:43  Zergling x2  
  39  3:51  Roach Warren  
  39  3:54  Extractor  
  37  4:00  Extractor  
  36  4:02  Extractor  
  35  4:12  Drone x3  
  35  4:15  Drone x6  
  35  4:16  Drone  
  45  4:21  Drone  
  45  4:22  Drone  
  46  4:44  Baneling  
  46  4:45  Baneling x7  
  46  4:46  Baneling  
  46  4:50  Roach x4  
  54  4:53  Overlord  
  54  4:59  Roach x2  
  50  5:30  Roach x6  
  61  5:37  Baneling  
  61  5:38  Baneling x2  
  61  5:53  Overlord x3  
  58  6:23  Drone x3  
  58  6:24  Drone  
  62  6:50  Roach  
  62  6:51  Roach x7  
Show
View Real Time Build Order
Export as new Build Order

OppOOOppO Zerg 

Build Orders: Pool First 

Get SALT Encoding   

  12  0:28  Drone x2  
  14  0:34  Drone, Spawning Pool  
  14  0:37  Extractor  
  14  0:41  Drone  
  14  0:50  Overlord  
  14  1:07  Evolution Chamber  
  14  1:09  Drone  
  14  1:14  Overlord  
  14  1:21  Queen  
  14  1:25  Drone  
  17  1:36  Zergling x2  
  18  1:49  Metabolic Boost  
  18  1:56  Zergling x2  
  18  1:58  Drone  
  20  2:29  Hatchery  
  19  2:44  Drone x2  
  19  2:45  Drone x2  
  19  2:49  Roach Warren  
  22  2:55  Drone  
  23  3:12  Baneling Nest  
  22  3:31  Lair  
  22  3:36  Roach  
  22  3:37  Roach x2  
  22  3:40  Overlord x2  
  28  3:44  Drone  
  28  3:46  Drone  
  30  3:54  Queen  
  32  3:59  Overlord  
  32  4:14  Drone x3, Extractor  
  32  4:16  Drone  
  35  4:18  Drone x2  
  37  4:36  Drone  
  31  4:50  Zergling x10  
  36  5:02  Roach  
  36  5:03  Roach x3  
  30  5:38  Zergling x2  
  30  5:39  Zergling x8  
  30  5:40  Queen  
  37  5:50  Drone x3  
  26  6:32  Roach  
  31  6:33  Roach x5  
Tags
 
Add a new tag
Caveats
  • Supply blocks, unpowered buildings, or Contaminate may cause inaccurate times.
  • Supply counts are checked every 10 seconds.